 Dungeon Crawl Stone Soup version 0.30-a0-1075-gcd70e7a56d (webtiles) character file.

Game seed: 11759363775001876624

67 gelatine the Trooper (level 4, -1/35 HPs)
             Began as a Demonspawn Fighter on Apr 15, 2023.
             Slain by an orc priest
             ... wielding a +1 hand axe of electrocution
              (7 damage)
             ... on level 3 of the Dungeon.
             The game lasted 00:03:09 (1536 turns).

gelatine the Trooper (Demonspawn Fighter)           Turns: 1536, Time: 00:03:09

Health: -1/35      AC:  6    Str: 18    XL:     4   Next: 0%
Magic:  4/4        EV:  9    Int:  9    God:
Gold:   124        SH:  4    Dex: 13    Spells: 3/3 levels left

rFire   . . .      SeeInvis .    a - +0 war axe
rCold   . . .      Faith    .    c - +0 buckler
rNeg    . . .      Spirit   .    b - +0 scale mail
rPois   .          Reflect  .    (helmet restricted)
rElec   .          Rampage  .    (no cloak)
rCorr   .                        (no gloves)
Will    .....                    (no boots) Stlth
                                 (no amulet)
HPRegen 0.25/turn                (no ring)
MPRegen 0.09/turn                (no ring)

@: no status effects
A: antennae 1, hooves 1
a: no special abilities


You were on level 3 of the Dungeon.
You visited 1 branch of the dungeon, and saw 3 of its levels.

You collected 124 gold pieces.

Inventory:

Hand Weapons
 a - a +0 war axe (weapon)
Missiles
 e - 2 silver javelins (quivered)
 l - a throwing net
Armour
 b - a +0 scale mail (worn)
 c - a +0 buckler (worn)
 r - a +0 plate armour
Scrolls
 g - a scroll of poison {unknown}
 h - 3 scrolls of identify {unknown}
 j - a scroll of acquirement {unknown}
 o - a scroll of enchant weapon {unknown}
 p - a scroll of blinking {unknown}
Potions
 d - a potion of might
 f - a potion of degeneration {unknown}
 i - 2 potions of magic {unknown}
 k - a potion of curing {unknown}
 m - a potion of lignification {unknown}
 n - a potion of cancellation {unknown}
 q - a potion of invisibility {unknown}


   Skills:
 * Level 3.4 Fighting
 * Level 2.5 Axes
 * Level 0.3 Throwing
 * Level 3.1 Armour
 * Level 0.4 Dodging
 * Level 0.4 Stealth
 * Level 3.0 Shields
 * Level 0.2 Spellcasting


You had 3 spell levels left.
You didn't know any spells.
Your spell library contained the following spells:

 Spells                   Type           Power      Damage    Failure   Level
 Foxfire                  Conj/Fire      0%         2x1d4     86%         1
 Ozocubu's Armour         Ice            0%         N/A       99%         3
 Fireball                 Conj/Fire      0%         3d3       100%        5
 Plasma Beam              Fire/Air       0%         2x1d11    100%        6
 Starburst                Conj/Fire      0%         6d3       100%        6
 Ozocubu's Refrigeration  Ice            0%         4d7       100%        7


Dungeon Overview and Level Annotations

Branches:
Dungeon (3/15)

Altars:


Innate Abilities, Weirdness & Mutations

You have a pair of small antennae on your head.
You have large cloven feet.


Message History

The orc wizard casts a spell.
The orc wizard flickers and vanishes!
Deactivating autopickup; reactivate with Ctrl-A.
You hear a shout!
You miss something. Your kick misses something. You barely miss the orc priest.
The orc priest hits you with a +1 hand axe of electrocution.
A kobold comes into view. It is wielding a +0 dagger.
Something hits you but does no damage.
You miss something. Your kick misses something. You slash the orc!
You kill the orc!
You hit the orc priest. The bat hits you but does no damage.
You block something's attack.
The orc priest hits you but does no damage.
The bat hits you but does no damage.
You have reached level 4!
You feel agile.
You hit something. Your kick misses something. You closely miss the bat.
You hit the orc priest but do no damage.
You block the bat's attack. The bat hits you but does no damage.
You hear some strange, mumbled words.
A magic dart appears from out of thin air!
The magic dart hits you.
The orc priest hits you with a +1 hand axe of electrocution.
The bat hits you but does no damage.
The orc priest invokes the aid of Beogh against you.
You barely resist. Something hits you but does no damage.
You miss something. You closely miss the bat. You hit the orc priest.
You block the bat's attack. The bat barely misses you.
The orc priest mumbles some strange prayers to Beogh against you.
Beogh smites you! Something hits you.
You closely miss something. You miss the bat.
You hit the orc priest but do no damage.
You block the bat's attack. The bat barely misses you.
The bat hits you but does no damage.
The orc priest mumbles some strange prayers to Beogh against you.
Beogh smites you!
* * * LOW HITPOINT WARNING * * *
Something hits you but does no damage. The bat hits you but does no damage.
The orc priest hits you with a +1 hand axe of electrocution!
You die...

### #.. #.# ## #.. #.#
####b#o.... ##. #.#
#..@{bo....
.....###)###.##o#K....
#...)#.....### #..
#.###.##.#.# #)##.#.#
#.##.#.# #.###.##.#.#
#.#...##.#.#
#.#.####.#.#


You could see an orc priest, an orc wizard, an orc, 2 bats and a kobold.

Vanquished Creatures
  2 adders (D:2)
  A dart slug (D:1)
  4 orcs (D:3)
  4 ball pythons (D:1)
  2 bats
  5 endoplasms
  A giant cockroach (D:1)
  6 goblins
  4 hobgoblins
  4 kobolds
  2 frilled lizards (D:2)
  5 rats
40 creatures vanquished.

Notes
Turn   | Place    | Note
-------+----------+-------------------------------------------
     0 | D:1      | gelatine the Demonspawn Fighter began the quest for the
                  | Orb.
     0 | D:1      | Reached XP level 1. HP: 18/18 MP: 1/1
    93 | D:1      | Found a faded altar of an unknown god.
   127 | D:1      | Discovered your monstrous ancestry.
   127 | D:1      | Gained mutation: You have large cloven feet. [demonic
                  | ancestry]
   127 | D:1      | Reached XP level 2. HP: 24/24 MP: 2/2
   815 | D:2      | Gained mutation: You have a pair of small antennae on your
                  | head. [demonic ancestry]
   815 | D:2      | Reached XP level 3. HP: 29/29 MP: 3/3
   898 | D:2      | You fall into a shaft and drop 1 floor!
  1534 | D:3      | Reached XP level 4. HP: 31/35 MP: 4/4
  1536 | D:3      | Slain by an orc priest

Illustrated notes

Levels and vault maps discovered:
D:1:      saegor_arrival_under_anarchy, layout_basic,
          hellmonk_ecumenical_altar_blasted
D:2:      layout_basic, basic_altar, kennysheep_generic_room_8
D:3:      layout_loops_ring, chequers_serial_rivers_room_b,
          amcnicky_mini_corridor_feature, nicolae_figureground_sparkle,
          uniq_crazy_yiuf_cottage

Skill      XL: |  1  2 |
---------------+-------+-----
Armour         | 3 |  3.1
Axes           | 2 |  2.5
Shields        | 3 |  3.0
Fighting       | |  3.4
Throwing       | |  0.3
Dodging        | |  0.4
Stealth        | |  0.4
Spellcasting   | |  0.2

Action                     |  1- 3 |  4- 6 || total
---------------------------+-------+-------++-------
  Melee: War axe           |    94 |     3 ||    97
         Kick              |    12 |       ||    12
 Armour: Scale mail        |    60 |     6 ||    66
  Dodge: Dodged            |    52 |     2 ||    54
  Block: Buckler           |    20 |     3 ||    23

Table legend: (Time is in decaauts)
 A = Elapsed time spent in this place.
 B = Non-inter-level travel time spent in this place.
 C = Inter-level travel time spent in this place.
 D = Time resting spent in this place.
 E = Time spent auto-exploring this place.
 F = Levels seen in this place.
 G = Mean time per level.
                   A        B        C        D        E       F      G
               +--------+--------+--------+--------+--------+-----+--------+
         Total |   1576 |   1479 |     97 |      0 |   1106 |   3 |  525.3 |
       Dungeon |   1576 |   1479 |     97 |      0 |   1106 |   3 |  525.3 |
               +--------+--------+--------+--------+--------+-----+--------+

Top non-repeatable levels by time:
     D:1: 748 daAuts
     D:2: 720 daAuts
     D:3: 107 daAuts
